[Event "Titled Tuesday Blitz August 08 Early 2023"]
[White "Aslanov, Umid"]
[Black "Rustemov, Alexander"]
[WhiteFideId "13412620"]
[BlackFideId "4119002"]
[WhiteElo "2591"]
[BlackElo "2819"]
[Result "0-1"]
[Round "7"]
[TimeControl "180+1"]
[Date "2023.08.08"]
[WhiteClock "0:01:21"]
[BlackClock "0:02:22"]
[Board "72"]

1. e4 e6 2. d4 d5 3. Nd2 dxe4 4. Nxe4 Bd7 5. Nf3 Bc6 6. Bd3 Nd7 7. O-O Ngf6 8. Bg5 Be7 9. Ned2 O-O 10. Re1 b6 11. Qe2 Nd5 12. Bxe7 Qxe7 13. g3 N5f6 14. c4 Qd6 15. Rad1 Rad8 16. a3 a5 17. Ne5 Nxe5 18. dxe5 Qxd3 19. exf6 Qxe2 20. Rxe2 Bf3 0-1


[Site "https://www.chess.com"]

[Event "Titled Tuesday Blitz August 08 Early 2023"]
[White "JeRoma71"]
[Black "SmirnovAlexandrA"]
[WhiteElo "2812"]
[BlackElo "2591"]
[Result "1-0"]
[Round "7"]
[TimeControl "180+1"]
[Date "2023.08.08"]
[WhiteClock "0:00:14"]
[BlackClock "0:00:01"]
[Board "73"]

1. a3 c5 2. b4 cxb4 3. axb4 Nf6 4. Bb2 g6 5. g4 h6 6. h4 d5 7. Bh3 e5 8. Bxe5 Nc6 9. Nf3 Nxe5 10. Nxe5 Bxb4 11. c3 Bd6 12. Qa4+ Kf8 13. f4 Kg7 14. Na3 Qe7 15. Qd4 Bxa3 16. g5 hxg5 17. fxg5 Bxh3 18. Rxh3 Bc5 19. gxf6+ Qxf6 20. Qxd5 Rxh4 21. Rxh4 Qxh4+ 22. Kd1 Qe7 23. Nd3 Bb6 24. Kc2 Rd8 25. Qf3 a5 26. Rh1 Rh8 27. Rf1 Rf8 28. Qf4 Bc7 29. Qd4+ f6 30. Rb1 b6 31. Rh1 Rh8 32. Rg1 Rh5 33. e4 Rh4 34. Re1 Qe6 35. Qf2 Rxe4 36. Rh1 a4 37. Nb4 Rxb4 38. cxb4 Qb3+ 39. Kc1 Be5 40. d4 Qc3+ 41. Qc2 Qa1+ 42. Qb1 Bf4+ 43. Kc2 Qxd4 44. Qf1 Be5 45. Qh3 Qb2+ 46. Kd3 Qc3+ 47. Ke2 Qc2+ 48. Ke3 Qc3+ 49. Ke2 Qxh3 50. Rxh3 Bb2 51. Kd3 a3 52. Kc2 b5 53. Rd3 g5 54. Rd5 g4 55. Rxb5 g3 56. Rd5 Be5 57. Kb3 Kf7 58. b5 Ke6 59. Rd1 f5 60. b6 f4 61. b7 f3 62. Re1 Kf6 63. Rxe5 f2 64. b8=Q f1=Q 65. Qd6+ 1-0


[Site "https://www.chess.com"]

[Event "Titled Tuesday Blitz August 08 Early 2023"]
[White "Borgaonkar Akshay"]
[Black "Mikhailovsky, Vladimir"]
[WhiteFideId "25639110"]
[BlackFideId "34105414"]
[WhiteElo "2585"]
[BlackElo "2798"]
[Result "0-1"]
[Round "7"]
[TimeControl "180+1"]
[Date "2023.08.08"]
[WhiteClock "0:01:34"]
[BlackClock "0:01:52"]
[Board "74"]

1. e4 e5 2. Nf3 d5 3. exd5 e4 4. Qe2 Nf6 5. Nc3 Be7 6. Nxe4 O-O 7. d3 Nxd5 8. Bd2 Re8 9. O-O-O f5 10. Nc3 Nxc3 11. Bxc3 Bg5+ 12. Nxg5 Rxe2 13. Bxe2 Qxg5+ 14. Kb1 Nc6 15. Bf3 Be6 16. Rhe1 Bf7 17. d4 Rd8 18. d5 Ne7 19. Re5 Ng6 20. Re3 Nh4 21. Be5 f4 22. Re4 Nxf3 23. gxf3 Rxd5 24. Rde1 Bg6 25. Bxf4 Qd8 0-1


[Site "https://www.chess.com"]

[Event "Titled Tuesday Blitz August 08 Early 2023"]
[White "Javakhadze, Zurab"]
[Black "Colbow, Collin"]
[WhiteFideId "13603647"]
[BlackFideId "16201132"]
[WhiteElo "2796"]
[BlackElo "2585"]
[Result "0-1"]
[Round "7"]
[TimeControl "180+1"]
[Date "2023.08.08"]
[WhiteClock "0:00:02"]
[BlackClock "0:01:43"]
[Board "75"]

1. Nf3 Nf6 2. g3 b6 3. Bg2 Bb7 4. O-O d6 5. c4 e5 6. d4 Nbd7 7. Nc3 exd4 8. Nxd4 Bxg2 9. Kxg2 g6 10. Qd3 Qc8 11. Qe3+ Ne5 12. f4 Ng4 13. Qe4 f5 14. Qd5 c6 15. Qe6+ Qxe6 16. Nxe6 Nxc4 17. Nc7+ Kd7 18. Nxa8 Nge3+ 19. Bxe3 Nxe3+ 20. Kf2 Nxf1 21. Kxf1 Bg7 22. Nxb6+ axb6 23. Rc1 Ra8 24. a3 b5 25. Na2 Bxb2 26. Rc2 Bxa3 27. Nc3 b4 0-1


[Site "https://www.chess.com"]

[Event "Titled Tuesday Blitz August 08 Early 2023"]
[White "Lysyj, Igor"]
[Black "Shvedova, Alexandra"]
[WhiteFideId "4150120"]
[BlackFideId "54154782"]
[WhiteElo "2764"]
[BlackElo "2566"]
[Result "1-0"]
[Round "7"]
[TimeControl "180+1"]
[Date "2023.08.08"]
[WhiteClock "0:01:03"]
[BlackClock "0:00:19"]
[Board "76"]

1. d4 Nf6 2. c4 e6 3. Nf3 d5 4. g3 Bb4+ 5. Bd2 a5 6. Bg2 O-O 7. a3 Be7 8. O-O c6 9. Qc2 Nbd7 10. Bf4 b6 11. cxd5 cxd5 12. Nc3 Ba6 13. Rfc1 Rc8 14. Qb3 Bc4 15. Qd1 Ba6 16. a4 Nb8 17. Nb5 Nc6 18. Qb3 Ne4 19. Rc2 Qd7 20. Rac1 Rfd8 21. h4 f6 22. Bh3 Kf7 23. Nc7 Bc4 24. Rxc4 dxc4 25. Qxc4 Rxc7 26. Bxc7 Qxc7 27. Qxe6+ Kf8 28. Rxc6 Qb7 29. Qxe4 Rd6 30. Rc8+ 1-0


[Site "https://www.chess.com"]

[Event "Titled Tuesday Blitz August 08 Early 2023"]
[White "Gan-Od, Sereenen"]
[Black "Santos Flores, Alberto"]
[WhiteFideId "4901304"]
[BlackFideId "3601234"]
[WhiteElo "2762"]
[BlackElo "2563"]
[Result "1-0"]
[Round "7"]
[TimeControl "180+1"]
[Date "2023.08.08"]
[WhiteClock "0:00:42"]
[BlackClock "0:00:12"]
[Board "77"]

1. c4 c6 2. Nf3 d5 3. g3 Nf6 4. Bg2 Bf5 5. O-O h6 6. Qb3 Qb6 7. cxd5 cxd5 8. Nc3 e6 9. Qa4+ Nc6 10. d3 Be7 11. Bf4 O-O 12. Qb3 Qxb3 13. axb3 a6 14. Rfc1 Rfc8 15. Na4 Nd7 16. Be3 e5 17. Nc5 d4 18. Nxd7 Bxd7 19. Bd2 Be6 20. b4 f6 21. Nh4 g5 22. Bxc6 Rxc6 23. Rxc6 bxc6 24. Nf3 Bd5 25. Ne1 Rb8 26. Ra4 Kf7 27. f4 Ke6 28. fxg5 hxg5 29. Nc2 g4 30. Rxa6 Kd7 31. Na3 Bxb4 32. Ra7+ Ke6 33. Bc1 Bd6 34. Ra6 f5 35. Nc4 Bxc4 36. dxc4 e4 37. Ra5 c5 38. Ra6 Ke7 39. Rxd6 Kxd6 40. Bf4+ Kc6 41. Bxb8 e3 42. Bf4 Kd7 43. Kf1 Kc6 44. Ke1 Kb6 45. Kd1 Ka5 46. Kc2 Kb4 47. Kd3 Kb3 48. Bd6 Kb4 49. Be7 Kb3 50. Bxc5 Kxb2 51. Bxd4+ 1-0


[Site "https://www.chess.com"]

[Event "Titled Tuesday Blitz August 08 Early 2023"]
[White "Zelbel, Patrick"]
[Black "Deng, Henry"]
[WhiteFideId "24624322"]
[BlackFideId "30965454"]
[WhiteElo "2760"]
[BlackElo "2560"]
[Result "1-0"]
[Round "7"]
[TimeControl "180+1"]
[Date "2023.08.08"]
[WhiteClock "0:02:16"]
[BlackClock "0:01:58"]
[Board "78"]

1. e4 c5 2. Nf3 Nc6 3. b4 cxb4 4. d4 d5 5. exd5 Qxd5 6. c4 bxc3 7. Nxc3 Qa5 8. Qb3 Qb4 9. Qxb4 Nxb4 10. Bb5+ Bd7 11. Bxd7+ Kxd7 12. Rb1 Nd3+ 13. Ke2 Nxc1+ 14. Rhxc1 b6 15. Nb5 a6 16. Ne5+ Kd8 17. Nc7 Rc8 18. Nxf7+ Kd7 19. Ne5+ Kd8 20. Ne6+ 1-0


[Site "https://www.chess.com"]

[Event "Titled Tuesday Blitz August 08 Early 2023"]
[White "Hulka, Valentyn"]
[Black "Veiga, Jose Francisco R P Neves"]
[WhiteFideId "34107061"]
[BlackFideId "1930087"]
[WhiteElo "2720"]
[BlackElo "2557"]
[Result "1-0"]
[Round "7"]
[TimeControl "180+1"]
[Date "2023.08.08"]
[WhiteClock "0:00:50"]
[BlackClock "0:01:17"]
[Board "79"]

1. e4 e5 2. Nf3 Nc6 3. Bb5 a6 4. Ba4 Nf6 5. Bxc6 dxc6 6. d3 Bd6 7. b3 O-O 8. Bb2 Re8 9. Nbd2 b5 10. O-O Nd7 11. h3 Nf8 12. Re1 Ne6 13. Bxe5 Bxe5 14. Nxe5 c5 15. Nef3 Bb7 16. Nf1 Qf6 17. Ne3 Rad8 18. Qd2 Qf4 19. Nf5 Qxd2 20. Nxd2 g6 21. Ne3 Nd4 22. Rac1 Kg7 23. Nf3 Nxf3+ 24. gxf3 f5 25. Kg2 Kf6 26. Red1 h5 27. c4 b4 28. Nd5+ Kg5 29. Nxc7 Re5 30. Nd5 Bxd5 31. cxd5 Kf4 32. Rxc5 fxe4 33. dxe4 Rg5+ 34. Kf1 Kxf3 35. Rc4 a5 36. e5 Rxd5 37. Rxd5 1-0


[Site "https://www.chess.com"]

[Event "Titled Tuesday Blitz August 08 Early 2023"]
[White "Akhmedinov, Satbek"]
[Black "Girsh, Daniel"]
[WhiteFideId "13714287"]
[BlackFideId "30949190"]
[WhiteElo "2687"]
[BlackElo "2555"]
[Result "1-0"]
[Round "7"]
[TimeControl "180+1"]
[Date "2023.08.08"]
[WhiteClock "0:01:29"]
[BlackClock "0:00:17"]
[Board "80"]

1. e4 c6 2. Nf3 d5 3. Nc3 dxe4 4. Nxe4 Nf6 5. Qe2 Na6 6. Nxf6+ gxf6 7. d4 Bf5 8. Nh4 Bg6 9. Be3 e6 10. c3 Qd5 11. Nxg6 hxg6 12. h4 O-O-O 13. Rh3 Kb8 14. b3 Ka8 15. O-O-O Ba3+ 16. Kb1 f5 17. Bg5 Rde8 18. Bf6 Rh5 19. Qe5 Bd6 20. Qxd5 exd5 21. Kc2 Re6 22. Bg5 f6 23. Bc1 f4 24. Bd3 f5 25. Rdh1 c5 26. Bxa6 bxa6 27. Kd3 Re4 28. dxc5 Bxc5 29. f3 Re6 30. Bxf4 Kb7 31. b4 Bb6 32. a3 Kc6 33. g4 fxg4 34. fxg4 Rh7 35. h5 gxh5 36. Rxh5 Rf7 37. Rh6 Rxh6 38. Rxh6+ Kb5 39. Bc1 Rf3+ 40. Kc2 Rf2+ 41. Kd3 Rf1 42. Bd2 Rg1 43. g5 Rg3+ 44. Kc2 d4 45. Kb3 a5 46. a4+ Ka6 47. b5+ Kb7 48. Rh7+ Kc8 49. Rh8+ Kd7 50. Rg8 dxc3 51. Bc1 Ke6 52. Kc2 Kf7 53. Rc8 Kg6 54. Rxc3 Rg2+ 55. Kb3 Rg1 56. Rc6+ Kf5 57. Kc2 Rg2+ 58. Kd3 Rg3+ 59. Kc4 Rg4+ 60. Kb3 Rg3+ 61. Rc3 Rg1 62. Kc4 Rg4+ 63. Kd5 Rd4+ 64. Kc6 Rd1 65. Kb7 Rg1 66. Rc6 Rf1 67. Rf6+ 1-0


[Site "https://www.chess.com"]

[Event "Titled Tuesday Blitz August 08 Early 2023"]
[White "jumpingknight20"]
[Black "Souleidis, Georgios"]
[BlackFideId "4206827"]
[WhiteElo "2686"]
[BlackElo "2552"]
[Result "1-0"]
[Round "7"]
[TimeControl "180+1"]
[Date "2023.08.08"]
[WhiteClock "0:02:26"]
[BlackClock "0:01:12"]
[Board "81"]

1. e4 c5 2. c3 d5 3. exd5 Qxd5 4. d4 Nf6 5. Nf3 Nc6 6. Be2 Bg4 7. O-O e6 8. Be3 cxd4 9. cxd4 Be7 10. h3 Bh5 11. Nc3 Qd8 12. Ne5 Bxe2 13. Qxe2 Rc8 14. Rfd1 O-O 15. Qb5 Qc7 16. Rac1 a6 17. Qb3 Nxe5 18. dxe5 Qxe5 19. Qxb7 Bd6 20. g3 Bb4 21. Qxb4 1-0


[Site "https://www.chess.com"]

[Event "Titled Tuesday Blitz August 08 Early 2023"]
[White "Ioannidis, Evgenios"]
[Black "Belov, Alexei"]
[WhiteFideId "4229274"]
[BlackFideId "4128206"]
[WhiteElo "2683"]
[BlackElo "2549"]
[Result "1/2-1/2"]
[Round "7"]
[TimeControl "180+1"]
[Date "2023.08.08"]
[WhiteClock "0:00:10"]
[BlackClock "0:00:09"]
[Board "82"]

1. d4 d5 2. c4 e6 3. Nc3 Be7 4. cxd5 exd5 5. Bf4 c6 6. e3 Bf5 7. g4 Be6 8. h4 h5 9. g5 Bd6 10. Nge2 Ne7 11. Qb3 b6 12. Bxd6 Qxd6 13. Nf4 Bg4 14. Be2 Bxe2 15. Ncxe2 Nd7 16. O-O-O O-O-O 17. Kb1 Kb7 18. Rc1 Nf5 19. Nc3 Nxd4 20. Qa4 Ne6 21. Nfe2 Ndc5 22. Qc2 Qe5 23. b4 Ne4 24. f4 Nxc3+ 25. Qxc3 Qxc3 26. Rxc3 d4 27. Rd3 dxe3 28. Rxe3 Rhe8 29. Re1 g6 30. f5 Nc7 31. Nf4 Rxe3 32. Rxe3 Rd4 33. fxg6 fxg6 34. Nxg6 Rxb4+ 35. Kc2 Nd5 36. Rf3 Ra4 37. a3 Ka6 38. Rg3 Rc4+ 39. Kb3 Re4 40. Rf3 c5 41. Rf5 c4+ 42. Kb2 Re2+ 43. Kc1 Ne3 44. Nf4 Re1+ 45. Kd2 Nxf5 46. Kxe1 Nxh4 47. Nxh5 Ng6 48. Ng3 Kb5 49. Kd2 Ka4 50. Kc3 b5 51. Kb2 a5 52. Ne4 b4 53. axb4 axb4 54. Nc5+ Kb5 55. Ne6 Kc6 56. Nd4+ Kd5 57. Nc2 Kc5 58. Ne3 Ne5 59. Nf5 c3+ 60. Kb3 Kb5 61. Nd4+ Kc5 62. Nc2 Ng6 63. Nxb4 Kd4 64. Nc6+ Ke4 65. Ne7 Nxe7 66. Kxc3 Kf5 67. g6 Kxg6 1/2-1/2


[Site "https://www.chess.com"]

[Event "Titled Tuesday Blitz August 08 Early 2023"]
[White "ArtemDyachuk"]
[Black "Aaditya Dhingra"]
[BlackFideId "25678191"]
[WhiteElo "2544"]
[BlackElo "2676"]
[Result "0-1"]
[Round "7"]
[TimeControl "180+1"]
[Date "2023.08.08"]
[WhiteClock "0:00:10"]
[BlackClock "0:00:04"]
[Board "83"]

1. e4 g6 2. d4 Bg7 3. h4 h5 4. Nc3 d6 5. Be3 Nf6 6. f3 c6 7. Nh3 b5 8. a3 a6 9. Qd2 Nbd7 10. Ng5 Nb6 11. O-O-O Rb8 12. Qf2 Nc4 13. Bxc4 bxc4 14. Rhe1 Qb6 15. Bf4 Qxb2+ 16. Kd2 Qb6 17. Rb1 Qa7 18. Rxb8 Qxb8 19. e5 dxe5 20. Bxe5 Qa7 21. Bd6 O-O 22. Rxe7 Qb6 23. Bc5 Qa5 24. Re5 Nd5 25. Bb4 Qc7 26. Nxd5 cxd5 27. Bxf8 Bxe5 28. dxe5 Kxf8 29. Qd4 Be6 30. c3 Ke8 31. Ke3 Qb8 32. Nxe6 fxe6 33. Kf4 Kf7 34. Kg3 Qc7 35. Qf4+ Kg8 36. Qg5 Qf7 37. Kf2 Kh7 38. Ke3 Qa7+ 39. Ke2 Qd7 40. Qe3 Kg7 41. Qc5 Kh7 42. Ke3 Kg7 43. g3 Kf7 44. f4 Ke8 45. Qb6 Qc8 46. a4 Kd7 47. Kd4 Qc6 48. Qa7+ Kc8 49. Qc5 Qxc5+ 50. Kxc5 Kb7 51. Kd6 d4 52. Kxe6 dxc3 53. Kf7 c2 54. e6 c1=Q 55. e7 Qe1 56. e8=Q Qxe8+ 57. Kxe8 c3 58. Kf7 c2 59. Kxg6 c1=Q 60. f5 Qc6+ 61. f6 Qxa4 62. Kxh5 Qe8+ 63. Kg5 Qg8+ 64. Kf4 Kc6 65. g4 Kd6 66. g5 Ke6 67. h5 a5 68. h6 a4 69. Kg4 a3 70. Kh5 a2 71. g6 a1=Q 72. f7 Qh1+ 73. Kg5 Qg2+ 74. Kf4 Qb8+ 75. Ke3 Qgg3+ 76. Kd4 Qbe5+ 77. Kc4 Qgf4+ 78. Kb3 Qee3+ 79. Kc2 Qff2+ 80. Kb1 Qee1# 0-1


[Site "https://www.chess.com"]

[Event "Titled Tuesday Blitz August 08 Early 2023"]
[White "Matinian, Nikita"]
[Black "Berezin, Viktor"]
[WhiteFideId "24129100"]
[BlackFideId "14107872"]
[WhiteElo "2673"]
[BlackElo "2534"]
[Result "1-0"]
[Round "7"]
[TimeControl "180+1"]
[Date "2023.08.08"]
[WhiteClock "0:00:17"]
[BlackClock "0:00:00"]
[Board "84"]

1. e4 c6 2. d4 d5 3. e5 Bf5 4. Nf3 e6 5. Be2 c5 6. Be3 Nc6 7. O-O cxd4 8. Nxd4 Nxd4 9. Qxd4 Ne7 10. Bb5+ Nc6 11. c4 a6 12. Bxc6+ bxc6 13. cxd5 exd5 14. Qa4 Bd7 15. Rd1 c5 16. Qa3 d4 17. Bf4 Be7 18. Qg3 g5 19. Bd2 Bc6 20. Na3 Qd5 21. Rac1 h5 22. Nc4 Rb8 23. Nd6+ Bxd6 24. exd6 h4 25. Re1+ Kf8 26. Qxg5 Qxg5 27. Bxg5 h3 28. Rxc5 Bxg2 29. d7 Kg7 30. d8=Q Rbxd8 31. Bxd8 Rxd8 32. Rg5+ Kf6 33. Rxg2 hxg2 34. Kxg2 d3 35. Kf3 Kf5 36. Ke3 Rb8 37. b3 Rd8 38. Kd2 Rh8 39. Kxd3 Rxh2 40. Re2 Kf4 41. Kc4 f5 42. a4 Kf3 43. Re6 Rxf2 44. Rxa6 f4 45. b4 Rc2+ 46. Kb5 Rc8 47. Rf6 Ke3 48. a5 f3 49. a6 Re8 50. a7 f2 51. Ka6 Ke2 52. b5 Re3 53. a8=Q Ra3+ 54. Kb7 1-0


[Site "https://www.chess.com"]

[Event "Titled Tuesday Blitz August 08 Early 2023"]
[White "Petrosian, Karlen"]
[Black "Shukhman, Anna"]
[WhiteFideId "4176146"]
[BlackFideId "54180058"]
[WhiteElo "2667"]
[BlackElo "2528"]
[Result "0-1"]
[Round "7"]
[TimeControl "180+1"]
[Date "2023.08.08"]
[WhiteClock "0:00:06"]
[BlackClock "0:00:15"]
[Board "85"]

1. e4 c5 2. c4 e5 3. Nc3 Nc6 4. g3 g6 5. Bg2 Bg7 6. d3 d6 7. a3 Nge7 8. Rb1 a6 9. b4 cxb4 10. axb4 O-O 11. b5 axb5 12. Nxb5 f5 13. Ne2 f4 14. gxf4 Bg4 15. f3 Be6 16. O-O Qd7 17. Qe1 Bh3 18. Qg3 Bxg2 19. Qxg2 Ra2 20. Nbc3 Rc2 21. Rb2 Rxb2 22. Bxb2 exf4 23. Nd1 Qe6 24. Bxg7 Kxg7 25. Ndc3 Qe5 26. Qf2 Qg5+ 27. Kh1 Ne5 28. Rb1 N7c6 29. Rxb7+ Rf7 30. Rxf7+ Kxf7 31. d4 Nxc4 32. Ng1 Ne3 33. Nce2 Qf6 34. Nh3 Nxd4 35. Nhxf4 Nxe2 36. Nxe2 Qa1+ 37. Qg1 Qxg1+ 38. Kxg1 Kf6 39. Kf2 Nc4 40. Nc3 Ke5 41. Ke2 g5 42. h3 Kf4 43. Kf2 Nb2 44. Ne2+ Ke5 45. Ke3 Nd1+ 46. Kd2 Nf2 47. Ng1 Kf4 48. Ke1 Kg3 49. Ne2+ Kxf3 50. Nd4+ Kxe4 51. Nb5 Nxh3 52. Nxd6+ Kf4 53. Nf7 g4 54. Kf1 Ng5 55. Kg2 Nxf7 0-1


[Site "https://www.chess.com"]

[Event "Titled Tuesday Blitz August 08 Early 2023"]
[White "Goroshkov, Maksym"]
[Black "Sreyas Payyappat"]
[WhiteFideId "14142716"]
[BlackFideId "46674969"]
[WhiteElo "2654"]
[BlackElo "2525"]
[Result "1-0"]
[Round "7"]
[TimeControl "180+1"]
[Date "2023.08.08"]
[WhiteClock "0:01:23"]
[BlackClock "0:00:09"]
[Board "86"]

1. e4 c6 2. d4 d5 3. exd5 cxd5 4. c4 Nf6 5. Nc3 Nc6 6. Nf3 g6 7. cxd5 Nxd5 8. Bc4 Nxc3 9. bxc3 Bg7 10. O-O O-O 11. Re1 Bg4 12. h3 Bxf3 13. Qxf3 e5 14. Ba3 exd4 15. Bxf8 Qxf8 16. Rad1 Ne5 17. Rxe5 Bxe5 18. cxd4 Bg7 19. Qxb7 a5 20. Bxf7+ Kh8 21. Bc4 Rd8 22. d5 Rc8 23. Bb3 Qf5 24. d6 Rf8 25. Qa7 Be5 26. d7 Rd8 27. Qe3 Bf6 28. Qe6 Qg5 29. Qf7 Qf5 30. Re1 1-0


[Site "https://www.chess.com"]

[Event "Titled Tuesday Blitz August 08 Early 2023"]
[White "Shubenkova, Veronika"]
[Black "Sagita, Catur Adi"]
[WhiteFideId "44124040"]
[BlackFideId "7104618"]
[WhiteElo "2518"]
[BlackElo "2653"]
[Result "0-1"]
[Round "7"]
[TimeControl "180+1"]
[Date "2023.08.08"]
[WhiteClock "0:00:00"]
[BlackClock "0:00:10"]
[Board "87"]

1. c4 Nf6 2. Nc3 g6 3. d4 Bg7 4. e4 O-O 5. f3 d6 6. Be3 e5 7. d5 c6 8. Qd2 cxd5 9. cxd5 Na6 10. Bxa6 bxa6 11. Nge2 Bd7 12. O-O Qe7 13. h3 Nh5 14. g4 Nf6 15. Kg2 Rfc8 16. h4 h5 17. g5 Ne8 18. Ng3 Nc7 19. f4 exf4 20. Rxf4 Nb5 21. Nxb5 axb5 22. Raf1 Be8 23. Bd4 Bxd4 24. Qxd4 Rc2+ 25. R1f2 Rac8 26. Rf6 R8c4 27. Qd3 Rxf2+ 28. Rxf2 Qe5 29. Qf3 Kf8 30. Re2 Rc1 31. Qe3 Rc7 32. Rf2 Bd7 33. Qa3 Bg4 34. Qa5 Rc4 35. Qxa7 Qe7 36. Qb8+ Kg7 37. Qxb5 Rxe4 38. Nxe4 Qxe4+ 39. Kg1 Qe3 40. Qb3 Qe1+ 41. Rf1 Qxh4 42. Qc3+ Kg8 43. Qe3 Bf5 44. Qf4 Qh3 45. Qxd6 Qg4+ 46. Kf2 Qd4+ 47. Kg2 Be4+ 48. Kh3 Qd3+ 49. Kh2 Qxf1 50. Qb8+ Kh7 0-1


[Site "https://www.chess.com"]

[Event "Titled Tuesday Blitz August 08 Early 2023"]
[White "NicolaiMaxime"]
[Black "Zeynalli, Rashad"]
[BlackFideId "13403320"]
[WhiteElo "2508"]
[BlackElo "2653"]
[Result "1/2-1/2"]
[Round "7"]
[TimeControl "180+1"]
[Date "2023.08.08"]
[WhiteClock "0:01:03"]
[BlackClock "0:01:24"]
[Board "88"]

1. e4 c6 2. d4 d5 3. exd5 cxd5 4. Nf3 Nc6 5. Bd3 Bg4 6. c3 e6 7. h3 Bh5 8. O-O Nf6 9. Bg5 Be7 10. Nbd2 Bg6 11. Bxg6 hxg6 12. b4 Ne4 13. Bxe7 Qxe7 14. Nxe4 dxe4 15. Nd2 Qh4 16. Qe2 f5 17. f3 O-O-O 18. fxe4 Kb8 19. b5 Na5 20. Nb3 Nxb3 21. axb3 Qxe4 22. Qxe4 fxe4 23. Rae1 Rh5 24. b6 Rb5 25. bxa7+ Kxa7 26. b4 e5 27. dxe5 Rxe5 28. Rf7 Rd3 29. Rxg7 Rxc3 30. Rxg6 Rb3 31. Ra1+ Kb8 32. Rg8+ Kc7 33. Rg7+ Kb6 34. Rg6+ Kc7 35. Rg7+ Kb6 36. Rg6+ Kc7 37. Rg7+ 1/2-1/2


[Site "https://www.chess.com"]

[Event "Titled Tuesday Blitz August 08 Early 2023"]
[White "Weishaeutel, Moritz"]
[Black "Legenia, Artem"]
[WhiteFideId "12967300"]
[BlackFideId "14136945"]
[WhiteElo "2647"]
[BlackElo "2407"]
[Result "1-0"]
[Round "7"]
[TimeControl "180+1"]
[Date "2023.08.08"]
[WhiteClock "0:01:12"]
[BlackClock "0:00:58"]
[Board "89"]

1. e4 e6 2. d4 d5 3. exd5 exd5 4. Nf3 Nf6 5. Bd3 Bd6 6. O-O O-O 7. Bg5 h6 8. Bh4 Bg4 9. Nbd2 Nbd7 10. c4 c6 11. c5 Bc7 12. Qc2 Re8 13. b4 Bf4 14. b5 Qc7 15. Bg3 Bxg3 16. hxg3 cxb5 17. Bxb5 Bxf3 18. Nxf3 Re7 19. Qf5 b6 20. c6 Nf8 21. Ne5 Ne6 22. Rfd1 Ne4 23. Rac1 Nd6 24. Qd3 Nd8 25. Ba4 a6 26. Bb3 Nc4 27. Bxc4 dxc4 28. Qxc4 b5 29. Qc5 Rc8 30. f4 f6 31. d5 Nb7 32. cxb7 Qxc5+ 33. Rxc5 Rxc5 34. b8=Q+ 1-0


[Site "https://www.chess.com"]

[Event "Titled Tuesday Blitz August 08 Early 2023"]
[White "Nathan, Nitish"]
[Black "benny_aizenberg"]
[WhiteFideId "30927870"]
[WhiteElo "2401"]
[BlackElo "2646"]
[Result "1-0"]
[Round "7"]
[TimeControl "180+1"]
[Date "2023.08.08"]
[WhiteClock "0:00:26"]
[BlackClock "0:00:00"]
[Board "90"]

1. d4 f5 2. Bf4 Nf6 3. e3 d6 4. Nf3 g6 5. Be2 Bg7 6. h3 O-O 7. O-O Qe8 8. c4 Nbd7 9. Nc3 e5 10. Bh2 c6 11. b4 f4 12. c5 e4 13. Nd2 dxc5 14. bxc5 f3 15. gxf3 exf3 16. Bxf3 Qe6 17. Bg2 Nd5 18. Nxd5 cxd5 19. e4 Bxd4 20. exd5 Qf6 21. Ne4 Qg7 22. Rc1 Ne5 23. c6 bxc6 24. dxc6 Ba6 25. Re1 Nd3 26. Qa4 Nxe1 27. Rxe1 Rae8 28. Qxa6 Bxf2+ 29. Nxf2 Rxe1+ 30. Bf1 Qd4 31. Bg3 Re3 32. Qc4+ Qxc4 33. Bxc4+ Kg7 34. Bd6 Rc8 35. c7 Re1+ 36. Kg2 Rc1 37. Be6 R8xc7 38. Bxc7 Rxc7 39. Bb3 Kf6 40. Kf3 Ke5 41. Ke3 Rc3+ 42. Nd3+ Kf5 43. Kd4 Rc7 44. Nc5 g5 45. Be6+ Kf4 46. Bg4 Re7 47. Ne6+ Kg3 48. Nxg5 Rg7 49. Ne4+ Kf4 50. Nc5 Rg6 51. Ne6+ Kg3 52. Ke5 Rh6 53. Ng5 Ra6 54. Ne4+ 1-0


[Site "https://www.chess.com"]

[Event "Titled Tuesday Blitz August 08 Early 2023"]
[White "Freitag, Manfred"]
[Black "Lacasa Diaz, Jose Antonio"]
[WhiteFideId "1602004"]
[BlackFideId "2203375"]
[WhiteElo "2641"]
[BlackElo "2390"]
[Result "1/2-1/2"]
[Round "7"]
[TimeControl "180+1"]
[Date "2023.08.08"]
[WhiteClock "0:00:16"]
[BlackClock "0:00:10"]
[Board "91"]

1. e4 c5 2. Nf3 e6 3. d4 cxd4 4. Nxd4 Nf6 5. Nc3 d6 6. g4 e5 7. Nf5 h5 8. Bg5 hxg4 9. Nd5 Bxf5 10. Bxf6 gxf6 11. exf5 Rh4 12. c3 Nc6 13. Qb3 Rb8 14. O-O-O Bh6+ 15. Kb1 Bg5 16. h3 gxh3 17. Rxh3 Rxh3 18. Bxh3 Kf8 19. Bg2 Kg7 20. Be4 Qh8 21. Rh1 Qd8 22. Qd1 Ne7 23. Qh5 Nxd5 24. Qh7+ Kf8 25. Bxd5 Qe8 26. Rh5 Ke7 27. Qg7 Qg8 28. Qxg8 Rxg8 29. Bxb7 Bf4 30. Bd5 Rg1+ 31. Kc2 Rf1 32. Rh7 Rxf2+ 33. Kb3 Bc1 34. Rxf7+ Ke8 35. Rxf6 Rxb2+ 36. Ka4 Rc2 37. Kb4 Bd2 38. Rxd6 Bxc3+ 39. Kb3 Rc1 40. f6 Bd4 41. Re6+ Kf8 42. Re7 Rf1 43. Rf7+ Ke8 44. Re7+ Kf8 45. Re6 e4 46. f7 Rxf7 47. Rxe4 Rf3+ 48. Kc4 Bb6 49. Re6 Rf4+ 50. Kb5 Rd4 51. Kc6 Rb4 52. Rf6+ Kg7 53. Rf7+ Kg6 54. Rd7 Kg5 55. Bb3 Rd4 56. Rd5+ Rxd5 57. Kxd5 Kf4 58. Kc6 Ke3 59. Kb5 Kd2 60. Ka6 Kc3 61. Be6 Kb2 62. Bb3 Ka3 63. Bf7 Kb2 64. Bb3 Ka3 65. Bf7 Kb2 66. Bb3 1/2-1/2


[Site "https://www.chess.com"]

[Event "Titled Tuesday Blitz August 08 Early 2023"]
[White "Radzhabov, Rodion"]
[Black "Mazurkiewicz, Michal"]
[WhiteFideId "884715"]
[BlackFideId "1124943"]
[WhiteElo "2634"]
[BlackElo "2388"]
[Result "0-1"]
[Round "7"]
[TimeControl "180+1"]
[Date "2023.08.08"]
[WhiteClock "0:00:00"]
[BlackClock "0:01:03"]
[Board "92"]

1. e4 d6 2. d4 Nf6 3. Nc3 c6 4. Nf3 Bg4 5. Be3 e6 6. h3 Bh5 7. Bd3 d5 8. e5 Nfd7 9. Ne2 Bxf3 10. gxf3 c5 11. c3 Nc6 12. h4 h5 13. a3 Be7 14. Nf4 g6 15. b4 cxd4 16. cxd4 Bxh4 17. Bxg6 fxg6 18. Nxg6 Bg5 19. Nxh8 Bxe3 20. fxe3 Qg5 21. Ke2 Qg2+ 22. Kd3 Ndxe5+ 23. dxe5 Nxe5+ 24. Kc3 Rc8+ 25. Kb3 Qf2 26. Rc1 Nc4 27. Qc2 Qxe3+ 28. Qc3 Nd2+ 0-1


[Site "https://www.chess.com"]

[Event "Titled Tuesday Blitz August 08 Early 2023"]
[White "KorolDimitriy75"]
[Black "Jain Kashish Manoj"]
[BlackFideId "35081098"]
[WhiteElo "2387"]
[BlackElo "2622"]
[Result "1-0"]
[Round "7"]
[TimeControl "180+1"]
[Date "2023.08.08"]
[WhiteClock "0:00:45"]
[BlackClock "0:00:00"]
[Board "93"]

1. d4 Nf6 2. c4 g6 3. Nc3 Bg7 4. e4 d6 5. Nf3 O-O 6. Be2 e5 7. dxe5 dxe5 8. Qxd8 Rxd8 9. Bg5 c6 10. Nxe5 Re8 11. O-O-O Na6 12. Rd6 Be6 13. f4 Nc5 14. Bf3 h6 15. Bh4 g5 16. Bf2 Na6 17. g3 Nh7 18. b3 f6 19. Nd7 Nf8 20. Nc5 Nxc5 21. Bxc5 Ng6 22. f5 Ne5 23. Bh5 Bf7 24. Bxf7+ Kxf7 25. Rd2 b5 26. cxb5 cxb5 27. Nxb5 Bf8 28. Bxf8 Kxf8 29. Kb2 Rec8 30. Nd4 Kf7 31. Ne6 a5 32. Rc1 Rxc1 33. Kxc1 a4 34. Kb2 a3+ 35. Kb1 Rc8 36. Rc2 Rxc2 37. Kxc2 g4 38. b4 1-0


[Site "https://www.chess.com"]

[Event "Titled Tuesday Blitz August 08 Early 2023"]
[White "Tregubov, Pavel V."]
[Black "Lopez Del Alamo, Antonio"]
[WhiteFideId "4115341"]
[BlackFideId "2227339"]
[WhiteElo "2621"]
[BlackElo "2371"]
[Result "1-0"]
[Round "7"]
[TimeControl "180+1"]
[Date "2023.08.08"]
[WhiteClock "0:01:25"]
[BlackClock "0:01:52"]
[Board "94"]

1. e4 c5 2. Nf3 e6 3. c3 Nf6 4. e5 Nd5 5. d4 cxd4 6. cxd4 d6 7. Bc4 Nd7 8. O-O N7b6 9. Bb3 Bd7 10. Qe2 a6 11. Rd1 Be7 12. Bd2 Rc8 13. Nc3 O-O 14. Ne4 Bb5 15. Qe1 dxe5 16. dxe5 Qc7 17. Ba5 Qb8 18. Nd4 Rfd8 19. Nxb5 axb5 20. Bxd5 Nxd5 21. Bxd8 Rxd8 22. Nc3 Bb4 23. Rac1 Rc8 24. Nxd5 Rxc1 25. Nxb4 1-0


[Site "https://www.chess.com"]